Map: Magannatha LE

Players

ManlyManMeat

  • Race: Zerg Zerg
  • League: Diamond
  • Spawn Location: 11:00

Napster - Winner!

  • Race: Terran Terran
  • League: Diamond
  • Spawn Location: 5:00

VOD

Have the link to the VOD?

Description

Time

  • Played on: June 22, 2025, 11:11 a.m.
  • Length: 15:34
Show
View Real Time Build Order
Export as new Build Order

ManlyManMeat Zerg 

Build Orders: Hatch First 

Get SALT Encoding   

  12  0:00  Drone  
  13  0:08  Drone  
  14  0:14  Extractor  
  14  0:16  Drone  
  15  0:22  Overlord  
  15  0:41  Drone  
  16  0:46  Hatchery  
  15  0:50  Drone  
  15  0:55  Drone  
  17  0:58  Drone  
  18  1:13  Spawning Pool  
  18  1:15  Extractor  
  18  1:18  Drone  
  17  1:21  Drone  
  18  1:28  Drone  
  19  1:39  Drone  
  20  1:59  Queen x2  
  24  2:01  Zergling x2  
  24  2:02  Zergling x2  
  24  2:07  Overlord  
  26  2:21  Drone x2  
  26  2:22  Metabolic Boost  
  28  2:32  Drone x3  
  30  2:42  Drone  
  30  2:43  Drone  
  32  3:03  Drone x2, Hatchery  
  32  3:04  Drone x2  
  35  3:11  Overlord x2  
  35  3:23  Overlord x2  
  35  3:29  Drone x3  
  35  3:32  Queen  
  40  3:47  Spine Crawler  
  39  3:50  Drone x3, Spine Crawler  
  41  3:55  Roach Warren  
  41  3:58  Zergling x6  
  43  4:06  Queen  
  45  4:22  Zergling x8  
  45  4:23  Zergling x6  
  52  4:40  Drone x6  
  52  4:41  Drone  
  59  4:50  Drone x2  
  59  4:51  Drone x2  
  63  4:58  Roach  
  63  4:59  Roach x2  
  69  5:14  Overlord x2  
  69  5:15  Overlord x2  
  67  5:39  Zergling x14  
  67  5:40  Zergling x4  
  76  5:45  Drone x2  
  78  5:50  Hatchery  
  78  5:51  Baneling Nest  
  78  5:53  Hatchery, Extractor  
  66  6:11  Zergling x16  
  67  6:26  Zergling x16  
  71  6:39  Zergling x2  
  71  6:40  Zergling x4  
  71  6:44  Queen x2  
  74  6:55  Drone  
  74  6:56  Drone x5  
  74  7:00  Evolution Chamber  
  74  7:01  Lair, Evolution Chamber  
  79  7:03  Zergling x8  
  79  7:04  Zergling x6  
  55  7:38  Drone x2  
  55  7:39  Drone, Zergling x8  
  55  7:40  Zergling x24  
  55  7:43  Zerg Melee Weapons Level 1, Zerg Ground Armor Level 1  
  74  7:54  Zergling x18  
  74  8:11  Zergling x20  
  74  8:12  Zergling x2  
  68  8:26  Zergling x2  
  68  8:27  Zergling x18  
  73  8:40  Zergling x22  
  80  8:54  Zergling x10  
  80  8:55  Zergling x6  
  82  9:01  Baneling x6  
  82  9:02  Baneling x4  
  75  9:06  Drone x2  
  77  9:13  Centrifugal Hooks  
  58  9:34  Zergling x28  
  71  9:41  Zergling x6  
  65  9:45  Drone  
  65  9:46  Drone  
  67  9:57  Zergling x2  
  67  9:58  Zergling x12  
  67  10:11  Zergling x14  
  72  10:20  Baneling x10  
  69  10:36  Drone x8  
  69  10:41  Zergling x2  
  69  10:42  Zergling x6  
  81  10:49  Spine Crawler x2  
  62  11:17  Roach  
  62  11:18  Roach x9  
  77  11:19  Zergling x6  
  77  11:45  Drone x3  
  77  11:49  Drone x5  
  75  12:02  Zergling x20  
  75  12:05  Extractor  
  75  12:06  Drone x3, Extractor  
  75  12:07  Drone x3  
  89  12:21  Zergling x10  
  94  12:28  Baneling x6  
  94  12:29  Overlord x3  
  94  12:54  Hatchery  
  75  13:09  Zergling x8  
  75  13:10  Zergling x28  
  75  13:11  Roach x2  
  91  13:20  Drone  
  91  13:21  Drone x4  
  91  13:23  Glial Reconstitution  
  91  13:24  Zerg Missile Weapons Level 1  
  95  13:47  Roach  
  95  13:48  Zergling x10, Roach x5  
  82  14:12  Zergling x18  
  82  14:13  Zergling x10  
  84  14:26  Zergling x10  
  84  14:27  Zergling x6  
  84  14:29  Drone  
  91  14:45  Zergling x20  
  89  15:02  Zergling x20  
  98  15:11  Roach x4  
Show
View Real Time Build Order
Export as new Build Order

Napster Terran - Winner!

Build Orders: 2 Factory 

Get SALT Encoding   

  12  0:01  SCV  
  13  0:13  SCV  
  14  0:17  Supply Depot  
  14  0:25  SCV  
  15  0:39  Barracks, SCV  
  16  0:44  Refinery  
  16  0:51  SCV  
  16  0:53  Refinery  
  17  1:03  SCV  
  18  1:15  SCV  
  19  1:29  Reaper  
  19  1:31  Orbital Command  
  20  1:44  Factory  
  20  1:47  Supply Depot  
  20  1:51  Supply Depot  
  20  1:56  SCV  
  21  2:01  Reaper  
  22  2:09  SCV  
  23  2:17  Factory  
  23  2:21  SCV  
  24  2:34  SCV  
  25  2:37  Reaper  
  25  2:40  Factory Reactor  
  26  2:46  SCV  
  26  2:49  Factory  
  27  3:06  Factory Tech Lab  
  27  3:14  Command Center  
  27  3:15  Barracks Reactor  
  27  3:21  Hellion  
  27  3:22  Hellion  
  31  3:27  Infernal Pre-Igniter  
  31  3:30  SCV  
  32  3:34  Factory Tech Lab  
  32  3:44  Supply Depot  
  32  3:54  Hellion x2  
  36  3:59  Cyclone  
  39  4:05  SCV  
  39  4:08  Supply Depot  
  40  4:22  Cyclone  
  42  4:43  Cyclone  
  42  4:44  Hellion  
  47  4:46  SCV  
  48  4:54  Cyclone  
  48  4:55  Orbital Command  
  51  5:03  SCV  
  52  5:08  Supply Depot  
  52  5:10  Reaper x2  
  54  5:15  SCV  
  51  5:40  Hellion x2  
  51  5:41  Cyclone x2  
  59  5:51  Reaper x2  
  59  5:53  SCV x2  
  63  5:58  Refinery  
  63  6:00  Refinery  
  63  6:05  SCV x2  
  65  6:16  Hellion x2  
  65  6:17  Hellion, SCV  
  72  6:23  Reaper x2  
  72  6:41  Hellion x2  
  82  6:47  Cyclone x2  
  82  6:48  Supply Depot x2  
  82  6:56  Reaper x2  
  84  7:03  Hellion x2  
  61  7:34  Cyclone x2  
  61  7:35  Hellion x2  
  61  7:36  SCV x2  
  66  7:48  Reaper  
  66  7:49  Reaper  
  68  7:59  Command Center  
  58  8:12  Cyclone  
  58  8:13  Cyclone, Hellion  
  58  8:14  Hellion  
  61  8:31  SCV x2  
  60  8:35  Hellion x2  
  64  8:43  SCV x2  
  64  8:45  Hellion x2  
  69  8:56  Hellion  
  65  9:04  Hellion  
  65  9:06  Cyclone, Hellion  
  65  9:07  SCV  
  65  9:08  SCV  
  74  9:18  Hellion  
  66  9:31  Cyclone  
  66  9:32  Hellion  
  65  9:38  Cyclone  
  65  9:39  Hellion  
  65  9:53  Hellion  
  65  9:55  Orbital Command  
  65  9:56  Command Center  
  67  10:00  Reaper x2  
  67  10:03  Cyclone  
  68  10:10  Cyclone  
  62  10:14  Hellion  
  62  10:15  Hellion  
  62  10:17  SCV x2  
  66  10:29  SCV  
  71  10:35  Hellion x2  
  71  10:40  Reaper x2  
  71  10:41  SCV  
  71  10:42  SCV x2  
  76  10:46  Engineering Bay x2  
  76  10:50  Armory  
  76  10:51  Armory  
  76  10:56  Siege Tank  
  76  10:57  Siege Tank  
  82  10:58  Hellion  
  82  11:00  SCV x2  
  82  11:18  Hellion  
  78  11:19  Hellion  
  80  11:26  SCV x3  
  80  11:28  Cyclone  
  80  11:29  Cyclone  
  89  11:33  Reaper x2  
  89  11:48  Hellion x2  
  93  12:01  Hellion  
  87  12:04  Siege Tank  
  87  12:05  Reaper x2  
  92  12:17  Barracks  
  92  12:19  Factory  
  92  12:22  Siege Tank  
  95  12:23  Factory Tech Lab  
  95  12:30  Terran Infantry Armor Level 1, Terran Infantry Weapons Level 1  
  95  12:32  Terran Vehicle Weapons Level 1, Terran Vehicle And Ship Armor Level 1  
  95  12:33  SCV x3  
  98  12:39  Reaper x2  
  98  12:40  Planetary Fortress  
  100  12:49  SCV  
  100  12:58  Refinery  
  100  13:05  Refinery  
  99  13:10  Factory Tech Lab  
  99  13:15  Reaper  
  100  13:36  Supply Depot  
  100  13:37  Supply Depot  
  100  13:40  Supply Depot x2  
  100  13:42  Supply Depot  
  100  13:43  Supply Depot, Reaper x3  
  100  13:44  Siege Tank  
  100  13:45  Siege Tank  
  100  13:47  Siege Tank  
  97  13:49  Thor  
  98  14:15  Reaper x4  
  98  14:27  Siege Tank x3  
  89  14:53  Reaper x2  
  89  14:54  Reaper x2  
  89  14:57  Hellbat  
  89  14:59  Hellbat x3  
Tags
 
Add a new tag
Caveats
  • Supply blocks, unpowered buildings, or Contaminate may cause inaccurate times.
  • Supply counts are checked every 10 seconds.